 Dungeon Crawl Stone Soup version 0.18-a0-1570-gf60b0ab (webtiles) character file.

1080 Duffy the Insei (level 8, 31/63 HPs)
             Began as a Naga Transmuter on Mar 14, 2016.
             Quit the game on level 5 of the Dungeon.
             The game lasted 00:08:39 (6006 turns).

Duffy the Insei (Naga Transmuter)                   Turns: 6006, Time: 00:08:39

Health: 31/63      AC:  8    Str: 13    XL:     8   Next: 29%
Magic:  11/11      EV:  9    Int: 14    God:
Gold:   183        SH:  0    Dex: 13    Spells: 2 memorised, 6 levels left

rFire  . . .     SeeInvis +       - Unarmed
rCold  . . .     Gourm    .     b - +0 robe
rNeg   . . .     Faith    .     (no shield)
rPois  +         Spirit   .     (helmet restricted)
rElec  .         Dismiss  .     i - +0 cloak (curse)
rCorr  .         Reflect  .     (no gloves)
SustAt .         Harm     .     o - +0 naga barding
MR     +....     Rnd*Rage +     (no amulet)
Stlth  +.........               (no ring)
                                (no ring)

@: very slow, somewhat resistant to hostile enchantments, very unstealthy
A: horns 1, see invisible, berserk 2, deformed body, frail 1, poison resistance,
slowness 2, slow metabolism 1, spit poison 2, wild magic 1, AC +2
a: Spit Poison


You were on level 5 of the Dungeon.
You were not hungry.

You visited 1 branch of the dungeon, and saw 5 of its levels.

You collected 183 gold pieces.


Innate Abilities, Weirdness & Mutations

You cannot wear boots.
Your serpentine skin is tough (AC +2).
You have supernaturally acute eyesight.
Armour fits poorly on your strangely shaped body.
Your system is resistant to poisons.
You cover ground very slowly.
You have a slow metabolism.
You can spit poison.
You have a pair of small horns on your head.
You often lose your temper in combat.
You are frail (-10% HP).
Your spells are a little harder to cast, but a little more powerful.


   Skills:
 + Level 3.6 Fighting
 - Level 4.0 Dodging
 + Level 7.5 Unarmed Combat
 - Level 2.0 Spellcasting
 - Level 2.5 Transmutations
 - Level 2.5 Poison Magic


You had 6 spell levels left.
You knew the following spells:

 Your Spells              Type           Power        Failure   Level  Hunger
l - Spider Form           Trmt/Pois      ##........   38%         3    ####...
s - Sticks to Snakes      Trmt           ##......     26%         2    ###....

Inventory:

Hand Weapons
 l - a +0 dagger of venom
 s - a +0 blowgun
Missiles
 a - 34 arrows
 e - 42 poisoned needles
Armour
 b - a +0 robe (worn)
 i - a cursed +0 cloak (worn)
 o - a +0 naga barding (worn)
 q - a +0 ring mail of positive energy
 u - the +2 leather armour of the Skies Above {MR++ Dex+4 Stlth+, unknown}

   It affects your dexterity (+4).
   It affects your resistance to hostile enchantments.
   It makes you more stealthy.
Scrolls
 j - 2 scrolls of teleportation {unknown}
 p - a scroll of identify {unknown}
 r - a scroll of recharging {unknown}
 t - a scroll of enchant armour {unknown}
 w - a scroll of random uselessness {unknown}
Potions
 h - a potion of invisibility {unknown}
 n - a potion of beneficial mutation {unknown}
 x - a potion of brilliance {unknown}
Books
 c - a book of Changes
Comestibles
 d - 6 bread rations
 f - 4 meat rations
 g - a slice of pizza
 v - 2 chunks of flesh

Dungeon Overview and Level Annotations

Branches:
Dungeon (5/15)
 Temple: D:4-7

Altars:
Qazlal

Annotations:
D:4 PeterLawrence's ghost, amateur GrFi
D:5 exclusion: orc wizard


Message History

The hound bites you.
Cast which spell? (? or * to list)
You miscast Spider Form.
You are very lightly contaminated with residual magic.
Nothing appears to happen.
The hound bites you but does no damage. The hound barely misses you.
You hit the hound but do no damage.
The hound is heavily wounded.
The hound bites you.
A red film seems to cover your vision as you go berserk!
You feel yourself moving faster!
You feel mighty!
You hit the hound.
The hound is severely wounded.
The hound barely misses you.
You pummel the hound!!
You kill the hound!
You feel a strong urge to attack something.
There is an open door here.
You feel your anger subside.
You are no longer berserk.
You are exhausted.
You feel yourself slow down.
You are feeling hungry.
You start resting.
Eating one of 3 chunks of flesh.
This raw flesh tastes terrible.
You continue eating. x2
Your magical contamination has completely faded away.
You start resting.
Magic restored.
You feel yourself speed up.
You start resting.
You feel less exhausted.
Drink which item? (? for menu, Esc to quit)
You feel extremely strange.
You feel frail. A pair of horns grows on your head!
You feel less in control of your magic.
Are you sure you want to abandon this character and quit the game? (Confirm with "yes".)

######## #######
#......#
#.....####.####'####
......W....#.......#
........####....@..#
........####..###..#
........##.'..# #..+
........##.#..###..#
........#..#.......#
........#.##.......#
........#.#####'#####
..............#.....#
..................##...


There were no monsters in sight!

Action                   |  1- 3 |  4- 6 |  7- 9 || total
-------------------------+-------+-------+-------++-------
Melee: Unarmed           |   115 |    38 |    91 ||   244
       Dagger            |     5 |   238 |    62 ||   305
 Cast: Spider Form       |     1 |     7 |     8 ||    16
  Use: Scroll            |       |     1 |       ||     1
       Potion            |       |       |     3 ||     3
 Stab: Sleeping          |     1 |     3 |       ||     4
  Eat: Chunk             |     1 |     9 |     6 ||    16

Notes
Turn   | Place    | Note
--------------------------------------------------------------
     0 | D:1      | Duffy the Naga Transmuter began the quest for the Orb.
     0 | D:1      | Reached XP level 1. HP: 18/18 MP: 3/3
    35 | D:1      | Reached XP level 2. HP: 23/25 MP: 5/5
    57 | D:1      | Learned a level 2 spell: Sticks to Snakes
   543 | D:1      | Reached skill level 4 in Unarmed Combat
   555 | D:1      | Reached XP level 3. HP: 16/31 MP: 6/6
   699 | D:1      | Learned a level 3 spell: Spider Form
  1190 | D:1      | Reached skill level 1 in Poison Magic
  1362 | D:1      | Reached skill level 2 in Poison Magic
  1362 | D:1      | Reached XP level 4. HP: 33/38 MP: 3/7
  1696 | D:2      | Found a stormy altar of Qazlal.
  2172 | D:2      | Reached XP level 5. HP: 35/44 MP: 8/8
  2642 | D:3      | Reached skill level 5 in Unarmed Combat
  3231 | D:3      | Reached skill level 2 in Dodging
  3625 | D:3      | Reached XP level 6. HP: 48/51 MP: 9/9
  3664 | D:3      | Noticed Ijyb
  3682 | D:3      | Killed Ijyb
  4281 | D:4      | Noticed PeterLawrence's ghost (amateur GrFi)
  4446 | D:3      | Reached skill level 3 in Dodging
  4584 | D:4      | Noticed an orc warrior
  4959 | D:4      | Got an ancient leather armour
  4966 | D:5      | Entered Level 5 of the Dungeon
  4966 | D:5      | Noticed a sky beast
  4980 | D:5      | Killed a sky beast
  4980 | D:5      | Reached skill level 6 in Unarmed Combat
  4980 | D:5      | Reached XP level 7. HP: 48/57 MP: 4/10
  5546 | D:5      | Reached skill level 4 in Dodging
  5798 | D:5      | Reached skill level 2 in Fighting
  5910 | D:5      | Noticed Ijustatesigmund's ghost (novice OpTm)
  5946 | D:5      | Gained mutation: You tend to lose your temper in combat. [potion of mutation]
  5946 | D:5      | Gained mutation: You often lose your temper in combat. [potion of mutation]
  5956 | D:5      | Killed Ijustatesigmund's ghost
  5956 | D:5      | Reached skill level 3 in Fighting
  5956 | D:5      | Reached skill level 7 in Unarmed Combat
  5956 | D:5      | Reached XP level 8. HP: 27/69 MP: 8/11
  6005 | D:5      | Gained mutation: You are frail (-10% HP). [potion of mutation]
  6005 | D:5      | Gained mutation: You have a pair of small horns on your head. [potion of mutation]
  6005 | D:5      | Gained mutation: Your spells are a little harder to cast, but a little more powerful. [potion of mutation]
  6006 | D:5      | Quit the game

Vault maps used:
D:1:      erik_arrival_orb_chamber, minmay_quantized
D:2:      nicolae_overflow_crystal_walls, first_bread,
          minmay_misc_feat_four_crosses
D:3:      kennysheep_generic_room_2, uniq_iyjb
D:4:      portal_sewer_entry_f, uniq_duvessa
D:5:      tgw_sif, hangedman_decor_clover_reticule, kennysheep_generic_room_11

Vanquished Creatures
  The ghost of Ijustatesigmund the Insei, a novice OpTm of Cheibriados
  2 sky beasts
  An ogre
  A water moccasin skeleton
  A crimson imp
  An orc priest
  A hound
  A centaur skeleton
  A giant frog skeleton
  2 orc wizards Ijyb
  An iguana
  4 gnolls
  7 adders
  2 shadow imps
  2 oozes
  2 worms
  A dart slug
  4 giant geckos
  12 orcs
  5 giant cockroaches
  14 goblins
  5 hobgoblins
  15 jackals
  A quokka
  14 bats
  3 giant newts
  7 kobolds
  17 rats
129 creatures vanquished.
